 Dungeon Crawl Stone Soup version 0.31.0-11-ge490571c62 (webtiles) character file.

Game seed: 16273195078692752055

74 qw the Shooter (level 4, -6/22 HPs)
             Began as a Spriggan Hunter on Feb 4, 2024.
             Mangled by a gnoll
             ... wielding a +0 spear
              (7 damage)
             ... on level 2 of the Dungeon.
             The game lasted 00:00:02 (725 turns).

qw the Shooter (Spriggan Hunter)                     Turns: 725, Time: 00:00:03

Health: -6/22      AC:  2    Str:  7    XL:     4   Next: 9%
Magic:  5/5        EV: 19    Int: 10    God:
Gold:   16         SH:  0    Dex: 20    Spells: 3/3 levels left

rFire   . . .        a - +0 shortbow
rCold   . . .        (shield currently unavailable)
rNeg    . . .        c - +0 robe
rPois   .            (helmet restricted)
rElec   .            d - scarf {repulsion}
rCorr   .            (gloves unavailable)
SInv    +            (boots unavailable)
Will    .....        (no amulet)
Stlth   ++           (no ring)
HPRegen 0.23/turn    (no ring)
MPRegen 0.09/turn

%: repel missiles
@: very quick
A: very small, no large weapons, unfitting armour, see invisible, speed 3
a: no special abilities


You were on level 2 of the Dungeon.
You visited 1 branch of the dungeon, and saw 2 of its levels.

You collected 52 gold pieces.
You spent 36 gold pieces at shops.


Innate Abilities, Weirdness & Mutations

You are very small and have problems with some larger weapons.
You are too small for most types of armour.
You have supernaturally acute eyesight. (SInv)
You cover ground extremely quickly. (Speed+++)


   Skills:
 - Level 1.5 Fighting
 - Level 5.0 Ranged Weapons
 + Level 4.3 Dodging
 - Level 1.5 Stealth


You had 3 spell levels left.
You didn't know any spells.
Your spell library was empty.

Inventory:

Hand Weapons
 a - a +0 shortbow (weapon)
Armour
 c - a +0 robe (worn)
 d - a scarf of repulsion (worn)
Scrolls
 e - a scroll of revelation {unknown}
Potions
 b - a potion of lignification {unknown}
 f - a potion of curing

Dungeon Overview and Level Annotations

Branches:
Dungeon (2/15)

Altars:

Shops:
D:2 !

Annotations:
D:2 Natasha


Message History

You shoot an arrow. The arrow hits the bat.
You kill the bat!
The gnoll hits you from afar with a +0 spear.
You shoot an arrow.
The arrow hits the gnoll but does no damage.
The gnoll is severely wounded.
The gnoll hits you from afar with a +0 spear.
You shoot an arrow. The arrow hits the gnoll!
You kill the gnoll!
Your Ranged Weapons skill increases to level 5!
You shoot an arrow. The arrow hits the gnoll.
The gnoll is lightly wounded.
Natasha, Servant of Life and Death comes into view.
Natasha moves out of view.
You shoot an arrow. The arrow misses the kobold.
The arrow hits the gnoll.
The gnoll is lightly wounded.
The gnoll misses you. The kobold misses you.
You shoot an arrow. The arrow misses the kobold.
The arrow hits the gnoll but does no damage.
The gnoll is lightly wounded.
The kobold barely misses you.
The gnoll hits you from afar with a +0 spear.
You shoot an arrow. The arrow barely misses the kobold.
The arrow hits the gnoll.
The gnoll is heavily wounded.
The kobold misses you. The gnoll misses you.
You shoot an arrow. The arrow hits the kobold!
You kill the kobold!
The gnoll closely misses you. The gnoll misses you.
The gnoll closely misses you.
You shoot an arrow. The arrow hits the gnoll!
You kill the gnoll!
The gnoll misses you.
You have reached level 4!
You shoot an arrow. The arrow hits the gnoll!
The gnoll is severely wounded.
The gnoll hits you from afar with a +0 spear!
You shoot an arrow. The arrow closely misses the gnoll.
The gnoll hits you from afar with a +0 spear!
You die...

+.<...........######
#.......#'#.......<#
.......###.#....(...#
#########...##.......#
+...}..#..######
##.}\}.##.# #..}...+.#
##...##### #@### #)#
..g #.... #.....
.$##... .. .... ...
.....


You could see a gnoll.

Vanquished Creatures
  4 gnolls
  A dart slug (D:1)
  4 bats
  3 endoplasms
  2 goblins (D:1)
  3 hobgoblins
  5 jackals (D:1)
  4 kobolds
  A ball python (D:1)
  2 frilled lizards (D:1)
  4 rats (D:1)
33 creatures vanquished.

Notes
Turn   | Place    | Note
-------+----------+-------------------------------------------
     0 | D:1      | qw the Spriggan Hunter began the quest for the Orb.
     0 | D:1      | Reached XP level 1. HP: 10/10 MP: 2/2
     0 | D:1      | 0 ||| qw: Version: 0.3-a-160-g6735b56
     0 | D:1      | 0 ||| qw: Game counter: 4918
     0 | D:1      | 0 ||| qw: Melee chars always use a shield: true
     0 | D:1      | 0 ||| qw: God list: Okawaru
     0 | D:1      | 0 ||| qw: Allow faded altars: false
     0 | D:1      | 0 ||| qw: Do Orc after clearing Dungeon:15 true
     0 | D:1      | 0 ||| qw: Do second Lair branch before Depths: true
     0 | D:1      | 0 ||| qw: Lair rune preference: random
     0 | D:1      | 0 ||| qw: Goals: Normal
     0 | D:1      | 0 ||| PLANNING D:1-11
    19 | D:1      | Reached skill level 3 in Dodging
    73 | D:1      | Reached XP level 2. HP: 14/14 MP: 3/3
   367 | D:1      | Reached XP level 3. HP: 17/18 MP: 4/4
   621 | D:1      | 621 ||| UPGRADING to scarf of repulsion.
   626 | D:1      | 626 ||| READING scroll labelled DESELO ZO ULUN.
   627 | D:1      | 627 ||| DROPPING scroll of butterflies.
   689 | D:2      | Found Guymont's Distillery.
   703 | D:2      | 703 ||| SHOPLISTING 2 potions of might (96 gold, have 52).
   703 | D:2      | 703 ||| SHOPLISTING potion of cancellation (96 gold, have
                  | 52).
   703 | D:2      | 703 ||| BUYING potion of curing (36 gold).
   703 | D:2      | Bought a potion of curing for 36 gold pieces
   703 | D:2      | 703 ||| SHOPLISTING potion of heal wounds (60 gold, have
                  | 16).
   703 | D:2      | 703 ||| SHOPLISTING potion of mutation (96 gold, have 16).
   718 | D:2      | Reached skill level 5 in Ranged Weapons
   718 | D:2      | Noticed Natasha
   724 | D:2      | Reached XP level 4. HP: 9/22 MP: 5/5
   724 | D:2      | HP: 1/22 [gnoll/+0 spear (9)]
   725 | D:2      | Mangled by a gnoll

Levels and vault maps discovered:
D:1:      dpeg_arrival_fog, layout_rooms, hangedman_decor_clover_reticule
D:2:      cheibrodos_old_hovel, layout_basic, basic_altar, serial_shops,
          shop_statue, nicolae_shop_rolling_square, shop, due_unseen_surprise,
          uniq_natasha

Skill      XL: |  1  2  3 |
---------------+----------+-----
Dodging        | 3 4 |  4.3
Ranged Weapons | 5 |  5.0
Fighting       | |  1.5
Stealth        | |  1.5

Action                     |  1- 3 |  4- 6 || total
---------------------------+-------+-------++-------
   Fire: Shortbow          |   100 |     2 ||   102
    Use: Scroll            |     1 |       ||     1
 Armour: Robe              |    15 |     2 ||    17
  Dodge: Dodged            |    39 |       ||    39

Table legend:
 A = Non-vault XP
 B = Vault XP
 C = Vault XP percentage of total XP
 D = Non-vault monster count
 E = Vault monster count
 F = Vault count percentage of total count
                 A         B        C        D         E       F
            +---------+---------+-------+---------+---------+-------
      Total |     106 |       0 |   0.0 |      33 |       0 |   0.0
            +---------+---------+-------+---------+---------+-------
        D:1 |      54 |       0 |   0.0 |      24 |       0 |   0.0
        D:2 |      52 |       0 |   0.0 |       9 |       0 |   0.0
            +---------+---------+-------+---------+---------+-------
